 Seeded DCSS version 0.25-a0-294-gea9b1ad (webtiles) character file.

Game seed: 9106781343264081485, levelgen mode: deterministic

197 Anathematize the Skirmisher (level 5, -3/45 HPs)
             Began as a Naga Chaos Knight on Dec 16, 2019.
             Was a Follower of Hepliaklqana.
             Slain by a small abomination (20 damage)
             ... summoned by the severe capriciousness of Xom
             ... on level 3 of the Dungeon.
             The game lasted 00:12:30 (2880 turns).

Anathematize the Skirmisher (Naga Chaos Knight)     Turns: 2880, Time: 00:12:31

Health: -3/45      AC:  6    Str: 12 (15) XL:     5   Next: 75%
Magic:  6/6        EV:  9    Int: 11 (13) God:    Hepliaklqana [*.....]
Gold:   111        SH:  0    Dex:  8 (10) Spells: 4/4 levels left

rFire    . . .     SeeInvis +   i - +0 spear
rCold    . . .     Gourm    .   (no shield)
rNeg     . . .     Faith    .   b - +2 leather armour
rPois    +         Spirit   .   p - +0 helmet
rElec    .         Reflect  .   (no cloak)
rCorr    .         Harm     .   (no gloves)
MR       .....                  (no barding)
Stlth    ++........             (no amulet)
HPRegen  0.15/turn              q - ring of flight
MPRegen  0.10/turn              m - ring of wizardry

@: very slow
A: large, reduced essence, see invisible, deformed body, poison resistance,
screaming 1, slowness 2, slow metabolism 1, spit poison 1, AC +1
a: Spit Poison, Recall Ancestor, Ancestor Identity, Renounce Religion, Evoke
Flight


You were on level 3 of the Dungeon.
You worshipped Hepliaklqana.
Hepliaklqana was aware of your devotion.
You were not hungry.

You visited 1 branch of the dungeon, and saw 3 of its levels.

You collected 111 gold pieces.

Inventory:

Hand Weapons
 a - a +0 falchion of chaos
 d - a +0 mace
 e - a +0 hand axe
 g - a +0 halberd
 i - a +0 spear (weapon)
 l - a +0 dagger of venom
Missiles
 f - 103 stones
 k - 9 poisoned darts (quivered)
 r - 3 javelins
Armour
 b - a +2 leather armour (worn)
 p - a +0 helmet (worn)
Jewellery
 m - a ring of wizardry (right hand)
 q - a ring of flight (left hand)
Scrolls
 n - 3 scrolls of remove curse
 o - a scroll of identify
Potions
 j - a potion of flight
Comestibles
 c - 4 rations
 h - 9 chunks of flesh


   Skills:
 + Level 4.0 Fighting
 - Level 3.0 Long Blades
 - Level 3.0 Maces & Flails
 * Level 1.7 Polearms
 - Level 1.5 Armour
 - Level 0.7 Dodging
 + Level 3.0 Stealth
 + Level 1.5 Invocations


You had 4 spell levels left.
You didn't know any spells.
Your spell library was empty.

Dungeon Overview and Level Annotations

Branches:
Dungeon (3/15)

Altars:
Gozag
Hepliaklqana
Sif Muna


Innate Abilities, Weirdness & Mutations

You cannot wear boots.
Your serpentine skin is tough. (AC +1)
You have supernaturally acute eyesight. (SInv)
Armour fits poorly on your strangely shaped body.
Your system is resistant to poisons. (rPois)
You cover ground very slowly.
You have a slow metabolism.
You can spit poison.
Your life essence is reduced to manifest your ancestor. (-10% HP)
You occasionally shout uncontrollably at your foes.


Message History

Aim: a small abomination (summoned)
You reach to attack!
You closely miss the small abomination.
Star Platinum barely misses the small abomination.
The small abomination hits Star Platinum!!
Star Platinum is destroyed!
Unknown command.
Okay, then.
Okay, then.
It was a potion of degeneration.
There was something very wrong with that liquid.
You feel weakened.
You feel dopey.
You feel clumsy.
A giant cockroach comes into view.
The small abomination hits you.
You see here a scroll of identify.
The small abomination hits you! The small abomination hits you!
Found a glowing large shield.
The small abomination barely misses you.
The small abomination hits you!!
You die...

#.#..##.# ##### #.#..##.#
########### .....#.#..##.#
#.......... #..#.#.....#
#......#### #...?#..######
#........## #..#.##......#
#........## #............#
#####......
##.#.###..x..#########....##
..........x@................
###.#.###.....##########.####
#.#s#...##### #.# . #.#...#
#.# # #.#...# #########.#
#.#...# #......##.#### #..[
##............. ..
............###
########....##


You could see 2 small abominations.

Vanquished Creatures
  Robin (D:3)
  3 gnolls (D:2)
  3 adders
  An ooze (D:1)
  2 worms (D:2)
  A dart slug (D:1)
  A leopard gecko (D:1)
  2 orcs (D:3)
  2 ball pythons (D:1)
  3 giant cockroaches
  5 hobgoblins
  2 jackals (D:1)
  A quokka (D:2)
  4 bats
  5 frilled lizards (D:2)
  6 goblins
  4 kobolds
  10 rats
56 creatures vanquished.

Vanquished Creatures (collateral kills)
  Terence (D:2)
  A gnoll (D:2)
  An adder (D:2)
  2 orcs (D:3)
  A bat (D:3)
  4 goblins (D:3)
  2 hobgoblins (D:3)
  2 jackals (D:3)
  A kobold (D:3)
  A frilled lizard (D:2)
16 creatures vanquished.

Vanquished Creatures (others)
  3 ancestors
3 creatures vanquished.

Grand Total: 75 creatures vanquished

Notes
Turn   | Place    | Note
-------+----------+-------------------------------------------
     0 | D:1      | Anathematize the Naga Chaos Knight began the quest for the
                  | Orb.
     0 | D:1      | Reached XP level 1. HP: 21/21 MP: 1/1
    11 | D:1      | XOM: divination: magic mapping
   120 | D:1      | XOM: noise
   130 | D:1      | Reached skill level 1 in Maces & Flails
   133 | D:1      | Reached XP level 2. HP: 26/28 MP: 2/2
   244 | D:1      | XOM: give mutation
  1042 | D:1      | Reached XP level 3. HP: 32/34 MP: 3/3
  1400 | D:2      | XOM: god gift: 3 javelins
  1490 | D:2      | XOM: enchant monster (good)
  1499 | D:2      | Reached skill level 1 in Stealth
  1499 | D:2      | Reached XP level 4. HP: 23/43 MP: 4/4
  1537 | D:2      | Found an opulent altar of Gozag.
  1537 | D:2      | XOM: 2-stop teleportation journey
  1540 | D:2      | Found a hazy altar of Hepliaklqana.
  1774 | D:2      | Fell from the grace of Xom
  1774 | D:2      | Became a worshipper of Hepliaklqana the Forgotten
  1821 | D:2      | XOM: 4-stop teleportation journey
  1853 | D:2      | Found a shimmering blue altar of Sif Muna.
  2183 | D:2      | Noticed Terence
  2206 | D:2      | Killed Terence
  2206 | D:2      | Reached skill level 1 in Invocations
  2206 | D:2      | Reached XP level 5. HP: 45/45 MP: 5/5
  2223 | D:2      | Reached skill level 1 in Polearms
  2453 | D:3      | XOM: chaos upgrade
  2485 | D:3      | Reached * piety under Hepliaklqana
  2502 | D:3      | Reached skill level 4 in Fighting
  2663 | D:3      | XOM: give mutation
  2663 | D:3      | Gained mutation: You occasionally shout uncontrollably at
                  | your foes. [Xom's mischief]
  2674 | D:3      | Noticed Robin
  2689 | D:3      | Killed Robin
  2867 | D:3      | XOM: medium Summ miscast
  2868 | D:3      | Noticed a small abomination
  2880 | D:3      | Slain by a small abomination

Levels and vault maps discovered:
D:1:      ncdulo_smallfort, layout_basic, skrybe_limestone_x,
          roderic_roman_lattice
D:2:      layout_basic, lemuel_blue_sif_altar, nicolae_overflow_hidden_temple,
          lemuel_doored_altar, uniq_terence
D:3:      layout_basic, first_ration, kennysheep_decorative_pillar, uniq_robin

Skill      XL: |  1  2  3  4  5 |
---------------+----------------+-----
Maces & Flails | 1 2 3 |  3.0
Stealth        | 1 2 3 |  3.0
Invocations    | 1 |  1.5
Polearms       | 1 |  1.7
Fighting       | 4 |  4.0
Long Blades    | |  3.0
Armour         | |  1.5
Dodging        | |  0.7

Action                   |  1- 3 |  4- 6 || total
-------------------------+-------+-------++-------
Melee: Mace              |    30 |       ||    30
       Dagger            |    50 |    39 ||    89
       Spear             |       |    44 ||    44
       Halberd           |       |     2 ||     2
Throw: Dart              |       |     8 ||     8
Invok: Recall Ancestor   |       |     1 ||     1
       Ancestor Identity |       |     1 ||     1
 Abil: Spit Poison       |    13 |     8 ||    21
  Use: Scroll            |     5 |       ||     5
       Potion            |       |     2 ||     2
  Eat: Chunk             |     2 |     4 ||     6
Armor: Leather armour    |    33 |    30 ||    63
Dodge: Dodged            |    50 |    27 ||    77

Table legend:
 A = Non-vault XP
 B = Vault XP
 C = Vault XP percentage of total XP
 D = Non-vault monster count
 E = Vault monster count
 F = Vault count percentage of total count
                 A         B        C        D         E       F
            +---------+---------+-------+---------+---------+-------
      Total |     218 |      64 |  22.7 |      63 |       9 |  12.5
            +---------+---------+-------+---------+---------+-------
        D:1 |      42 |       0 |   0.0 |      22 |       0 |   0.0
        D:2 |     133 |      36 |  21.3 |      27 |       1 |   3.6
        D:3 |      43 |      28 |  39.4 |      14 |       8 |  36.4
            +---------+---------+-------+---------+---------+-------
